[ AOE2 MATCH · #513614746 ]
UnrankedChinese vs Wei
Player's team · LOSS
Rival team · WIN
[ REPLAY ANALYSIS · EXTRACTED FROM THE RECORDED GAME ]
Feudal
11:06
Castle
17:34
Imperial
—
| APM avg | 58.9 |
| APM peak | 95 |
| eAPM avg | 31.2 |
| Villagers / military | 58 / 29 |
Focus
⚔️ 26.9% · 🌾 73.1%
Chu Ko Nu ×19 · Iron Pagoda ×6 · Monk ×3 · Scorpion ×1
Feudal
11:57
Castle
22:04
Imperial
—
| APM avg | 81.4 |
| APM peak | 179 |
| eAPM avg | 38.1 |
| Villagers / military | 107 / 36 |
Focus
⚔️ 52.1% · 🌾 47.9%
Unknown (1952) ×21 · Archer ×14 · Unknown (1944) ×14 · Militia ×8 · Petard ×4 · Skirmisher ×4
Match map
Initial resources + every placement click. Lines = walls · curves = elevation contours. ◆ gold · ⬟ stone · ● berries · ✦ relic · ◌ wall gap
Your base· Open — 5t gap
DS_Ciskhan's base· Open — 4t gap
Smoothed initial terrain · ◌ = detected wall gap · hover for details
Inputs per minute
— CNZS_Dooidy - - DS_Ciskhan
Build order — CNZS_Dooidy
First 150 of 189 actions detected
| 0:06 | Research | Loom |
| 0:46 | Queue | Villager (Male) |
| 1:10 | Queue | Villager (Male) |
| 1:11 | Queue | Villager (Male) |
| 1:37 | Queue | Villager (Male) |
| 1:56 | Queue | Villager (Male) |
| 2:14 | Queue | Villager (Male) |
| 2:31 | Queue | Villager (Male) |
| 2:40 | Build | Lumber Camp |
| 3:07 | Queue | Villager (Male) |
| 3:07 | Queue | Villager (Male) |
| 3:07 | Queue | Villager (Male) |
| 3:21 | Build | House |
| 4:02 | Queue | Villager (Male) |
| 4:13 | Queue | Villager (Male) |
| 4:50 | Queue | Villager (Male) |
| 4:56 | Build | Palisade Wall |
| 5:09 | Queue | Villager (Male) |
| 5:36 | Queue | Villager (Male) |
| 5:49 | Build | House |
| 6:16 | Queue | Villager (Male) |
| 6:17 | Queue | Villager (Male) |
| 6:25 | Build | Palisade Wall |
| 6:29 | Build | Palisade Wall |
| 6:59 | Queue | Villager (Male) |
| 7:07 | Build | Mill |
| 7:24 | Queue | Villager (Male) |
| 7:55 | Queue | Villager (Male) |
| 7:57 | Build | Farm |
| 8:00 | Build | Farm |
| 8:11 | Queue | Villager (Male) |
| 8:35 | Build | Lumber Camp |
| 8:45 | Queue | Villager (Male) |
| 8:55 | Build | House |
| 8:56 | Research | Feudal Age |
| 8:56 | Research | Feudal Age |
| 9:17 | Build | Farm |
| 9:29 | Build | Mining Camp |
| 9:41 | Build | Farm |
| 9:43 | Queue | Villager (Male) |
| 9:44 | Queue | Villager (Male) |
| 9:54 | Build | Palisade Wall |
| 11:06 | Age | Feudal Age |
| 11:08 | Build | Market |
| 11:15 | Build | Market |
| 11:25 | Build | Blacksmith |
| 11:37 | Build | Palisade Wall |
| 11:41 | Build | Palisade Wall |
| 11:47 | Build | Palisade Wall |
| 11:52 | Build | Palisade Wall |
| 11:54 | Build | Palisade Wall |
| 11:59 | Queue | Villager (Male) |
| 12:01 | Queue | Villager (Male) |
| 12:04 | Build | Palisade Wall |
| 12:22 | Build | Palisade Wall |
| 12:46 | Queue | Villager (Male) |
| 12:51 | Build | Farm |
| 12:53 | Build | Farm |
| 12:55 | Build | Farm |
| 12:57 | Build | House |
| 13:02 | Build | House |
| 13:04 | Build | Palisade Wall |
| 13:13 | Build | Mining Camp |
| 13:14 | Queue | Villager (Male) |
| 13:22 | Build | Watch Tower |
| 13:31 | Queue | Villager (Male) |
| 13:33 | Build | Farm |
| 13:50 | Build | Farm |
| 13:59 | Queue | Villager (Male) |
| 14:16 | Build | Palisade Wall |
| 14:17 | Build | Palisade Wall |
| 14:25 | Queue | Villager (Male) |
| 14:42 | Build | Palisade Wall |
| 14:43 | Build | Palisade Wall |
| 14:52 | Research | Castle Age |
| 15:06 | Build | Stone Wall |
| 15:10 | Build | Stone Wall |
| 15:12 | Build | Stone Wall |
| 15:21 | Research | Double-Bit Axe |
| 15:21 | Research | Double-Bit Axe |
| 15:30 | Research | Horse Collar |
| 15:30 | Research | Horse Collar |
| 15:33 | Build | Stone Wall |
| 15:41 | Build | Farm |
| 16:04 | Build | Stone Wall |
| 16:30 | Build | Farm |
| 16:36 | Research | Gold Mining |
| 16:36 | Research | Gold Mining |
| 17:05 | Build | House |
| 17:15 | Research | Stone Mining |
| 17:15 | Research | Stone Mining |
| 17:18 | Queue | Villager (Male) |
| 17:34 | Age | Castle Age |
| 17:57 | Build | Stone Wall |
| 18:02 | Build | Stone Wall |
| 18:06 | Research | Town Watch |
| 18:07 | Research | Town Watch |
| 18:23 | Build | Stone Wall |
| 18:32 | Build | Stone Wall |
| 18:41 | Build | House |
| 18:42 | Queue | Villager (Male) |
| 18:45 | Build | Castle |
| 18:56 | Build | Farm |
| 19:01 | Build | Siege Workshop |
| 19:11 | Queue | Villager (Male) |
| 19:21 | Queue | Villager (Male) |
| 19:26 | Queue | Scorpion |
| 19:42 | Queue | Villager (Male) |
| 19:50 | Build | Farm |
| 19:54 | Build | Farm |
| 20:10 | Build | Monastery |
| 20:22 | Queue | Iron Pagoda |
| 20:23 | Queue | Villager (Male) |
| 20:42 | Build | Farm |
| 20:47 | Build | Farm |
| 20:51 | Build | Farm |
| 20:52 | Queue | Villager (Male) |
| 20:57 | Queue | Monk |
| 21:00 | Build | Palisade Wall |
| 21:08 | Build | Mining Camp |
| 21:12 | Queue | Chu Ko Nu |
| 21:13 | Queue | Chu Ko Nu |
| 21:16 | Queue | Villager (Male) |
| 21:16 | Queue | Villager (Male) |
| 21:21 | Build | Farm |
| 21:35 | Queue | Chu Ko Nu |
| 21:42 | Queue | Villager (Male) |
| 22:11 | Research | Fletching |
| 22:11 | Research | Fletching |
| 22:12 | Queue | Chu Ko Nu |
| 22:12 | Queue | Chu Ko Nu |
| 22:20 | Queue | Villager (Male) |
| 22:30 | Queue | Villager (Male) |
| 22:34 | Build | Farm |
| 22:37 | Build | Outpost |
| 22:50 | Queue | Iron Pagoda |
| 22:51 | Queue | Villager (Male) |
| 23:02 | Build | Outpost |
| 23:05 | Queue | Chu Ko Nu |
| 23:31 | Queue | Iron Pagoda |
| 23:33 | Queue | Villager (Male) |
| 23:35 | Research | Bow Saw |
| 23:35 | Research | Bow Saw |
| 23:37 | Build | Farm |
| 23:46 | Queue | Chu Ko Nu |
| 24:05 | Queue | Villager (Male) |
| 24:08 | Queue | Chu Ko Nu |
| 24:19 | Research | Bodkin Arrow |
| 24:19 | Research | Bodkin Arrow |
| 24:34 | Queue | Villager (Male) |
Build order — DS_Ciskhan
First 150 of 289 actions detected
| 0:01 | Queue | Villager (Male) |
| 0:02 | Build | House |
| 0:03 | Build | House |
| 0:06 | Queue | Villager (Male) |
| 0:06 | Queue | Villager (Male) |
| 0:06 | Queue | Villager (Male) |
| 1:26 | Queue | Villager (Male) |
| 1:26 | Queue | Villager (Male) |
| 1:26 | Queue | Villager (Male) |
| 1:53 | Queue | Villager (Male) |
| 2:14 | Queue | Villager (Male) |
| 2:14 | Queue | Villager (Male) |
| 2:44 | Build | Lumber Camp |
| 2:51 | Queue | Villager (Male) |
| 2:54 | Queue | Villager (Male) |
| 2:55 | Queue | Villager (Male) |
| 3:35 | Queue | Villager (Male) |
| 3:35 | Queue | Villager (Male) |
| 3:48 | Queue | Villager (Male) |
| 3:52 | Build | House |
| 3:56 | Build | House |
| 4:12 | Queue | Villager (Male) |
| 4:12 | Queue | Villager (Male) |
| 4:23 | Build | Palisade Wall |
| 4:23 | Build | Palisade Wall |
| 5:04 | Queue | Villager (Male) |
| 5:05 | Queue | Villager (Male) |
| 5:19 | Build | Mill |
| 5:24 | Queue | Villager (Male) |
| 5:24 | Queue | Villager (Male) |
| 5:49 | Build | House |
| 6:02 | Build | Palisade Wall |
| 6:03 | Build | Palisade Wall |
| 6:04 | Build | Palisade Wall |
| 6:07 | Research | Loom |
| 6:10 | Build | Palisade Wall |
| 6:22 | Build | Palisade Gate |
| 6:34 | Build | House |
| 6:38 | Queue | Villager (Male) |
| 7:05 | Queue | Villager (Male) |
| 7:29 | Build | Palisade Wall |
| 7:30 | Build | Palisade Wall |
| 7:31 | Build | Palisade Wall |
| 7:36 | Build | Barracks |
| 8:01 | Queue | Villager (Male) |
| 8:04 | Build | Farm |
| 8:27 | Build | Farm |
| 8:28 | Queue | Villager (Male) |
| 8:30 | Build | House |
| 8:41 | Build | Farm |
| 8:52 | Queue | Villager (Male) |
| 9:16 | Queue | Villager (Male) |
| 9:17 | Build | Farm |
| 9:25 | Build | Farm |
| 9:38 | Build | Farm |
| 9:48 | Research | Feudal Age |
| 9:48 | Research | Feudal Age |
| 10:03 | Build | Mining Camp |
| 10:17 | Queue | Militia |
| 10:17 | Queue | Militia |
| 10:18 | Queue | Militia |
| 10:24 | Queue | Militia |
| 10:24 | Queue | Militia |
| 10:45 | Build | House |
| 10:51 | Queue | Militia |
| 10:52 | Queue | Militia |
| 11:16 | Queue | Militia |
| 11:19 | Build | House |
| 11:57 | Age | Feudal Age |
| 12:00 | Queue | Villager (Male) |
| 12:13 | Research | Double-Bit Axe |
| 12:14 | Research | Man-at-Arms (upgrade) |
| 12:21 | Queue | Villager (Male) |
| 12:25 | Queue | Villager (Male) |
| 12:25 | Queue | Villager (Male) |
| 12:32 | Build | Archery Range |
| 12:41 | Build | Blacksmith |
| 13:04 | Queue | Villager (Male) |
| 13:16 | Queue | Skirmisher |
| 13:16 | Queue | Skirmisher |
| 13:18 | Build | House |
| 13:22 | Queue | Villager (Male) |
| 13:22 | Queue | Villager (Male) |
| 13:22 | Queue | Villager (Male) |
| 13:24 | Build | Farm |
| 13:26 | Research | Horse Collar |
| 13:33 | Queue | Skirmisher |
| 13:38 | Queue | Villager (Male) |
| 13:38 | Queue | Villager (Male) |
| 13:52 | Build | Farm |
| 13:59 | Research | Fletching |
| 13:59 | Research | Fletching |
| 14:06 | Build | Farm |
| 14:15 | Queue | Villager (Male) |
| 14:15 | Queue | Villager (Male) |
| 14:26 | Queue | Villager (Male) |
| 14:27 | Build | Farm |
| 14:38 | Queue | Skirmisher |
| 14:40 | Queue | Archer |
| 14:40 | Queue | Archer |
| 14:46 | Queue | Villager (Male) |
| 14:46 | Queue | Villager (Male) |
| 14:52 | Build | Farm |
| 14:54 | Queue | Villager (Male) |
| 14:54 | Queue | Villager (Male) |
| 14:56 | Build | Farm |
| 15:09 | Queue | Villager (Male) |
| 15:09 | Queue | Villager (Male) |
| 15:11 | Build | Farm |
| 15:22 | Build | Lumber Camp |
| 15:28 | Queue | Villager (Male) |
| 15:28 | Queue | Villager (Male) |
| 15:28 | Queue | Villager (Male) |
| 15:39 | Build | House |
| 15:41 | Build | House |
| 15:52 | Queue | Villager (Male) |
| 15:52 | Queue | Villager (Male) |
| 15:53 | Queue | Villager (Male) |
| 15:55 | Build | Farm |
| 16:00 | Research | Wheelbarrow |
| 16:10 | Queue | Archer |
| 16:16 | Build | Lumber Camp |
| 16:32 | Queue | Villager (Male) |
| 16:42 | Research | Town Watch |
| 16:45 | Build | Outpost |
| 16:46 | Build | Outpost |
| 16:53 | Build | Outpost |
| 17:03 | Queue | Archer |
| 17:04 | Queue | Archer |
| 17:04 | Queue | Archer |
| 17:05 | Queue | Villager (Male) |
| 17:05 | Queue | Villager (Male) |
| 17:05 | Queue | Villager (Male) |
| 17:36 | Queue | Villager (Male) |
| 17:40 | Build | Farm |
| 17:43 | Build | Farm |
| 17:49 | Build | Outpost |
| 17:55 | Queue | Villager (Male) |
| 17:56 | Build | Farm |
| 17:57 | Build | Farm |
| 18:02 | Build | Farm |
| 18:12 | Build | Market |
| 18:16 | Build | Outpost |
| 18:31 | Build | Outpost |
| 18:34 | Queue | Archer |
| 18:40 | Build | House |
| 18:55 | Build | House |
| 18:55 | Build | House |
| 18:55 | Build | House |
| 18:56 | Build | House |
Match timeline
| 4:23 | DS_Ciskhan · wall_segment Palisade Wall x1 |
| 4:23 | DS_Ciskhan · wall_segment Palisade Wall x1 |
| 4:56 | CNZS_Dooidy · wall_segment Palisade Wall x1 |
| 6:02 | DS_Ciskhan · wall_segment Palisade Wall x1 |
| 6:03 | DS_Ciskhan · wall_segment Palisade Wall x1 |
| 6:04 | DS_Ciskhan · wall_segment Palisade Wall x1 |
| 6:10 | DS_Ciskhan · wall_segment Palisade Wall x1 |
| 6:25 | CNZS_Dooidy · wall_segment Palisade Wall x1 |
| 6:29 | CNZS_Dooidy · wall_segment Palisade Wall x1 |
| 7:29 | DS_Ciskhan · wall_segment Palisade Wall x1 |
| 7:30 | DS_Ciskhan · wall_segment Palisade Wall x1 |
| 7:31 | DS_Ciskhan · wall_segment Palisade Wall x1 |
| 7:36 | DS_Ciskhan · first_building Barracks |
| 9:54 | CNZS_Dooidy · wall_segment Palisade Wall x8 |
| 11:06 | CNZS_Dooidy · age_up feudal |
| 11:37 | CNZS_Dooidy · wall_segment Palisade Wall x1 |
| 11:41 | CNZS_Dooidy · wall_segment Palisade Wall x1 |
| 11:47 | CNZS_Dooidy · wall_segment Palisade Wall x1 |
| 11:52 | CNZS_Dooidy · wall_segment Palisade Wall x1 |
| 11:54 | CNZS_Dooidy · wall_segment Palisade Wall x1 |
| 11:57 | DS_Ciskhan · age_up feudal |
| 12:04 | CNZS_Dooidy · wall_segment Palisade Wall x1 |
| 12:22 | CNZS_Dooidy · wall_segment Palisade Wall x1 |
| 12:32 | DS_Ciskhan · first_building Archery Range |
| 13:04 | CNZS_Dooidy · wall_segment Palisade Wall x3 |
| 14:03 | CNZS_Dooidy · first_market_buy 100 food |
| 14:16 | CNZS_Dooidy · wall_segment Palisade Wall x1 |
| 14:17 | CNZS_Dooidy · wall_segment Palisade Wall x1 |
| 14:42 | CNZS_Dooidy · wall_segment Palisade Wall x1 |
| 14:43 | CNZS_Dooidy · wall_segment Palisade Wall x1 |
| 15:06 | CNZS_Dooidy · wall_segment Stone Wall x1 |
| 15:10 | CNZS_Dooidy · wall_segment Stone Wall x1 |
| 15:12 | CNZS_Dooidy · wall_segment Stone Wall x1 |
| 15:33 | CNZS_Dooidy · wall_segment Stone Wall x1 |
| 16:04 | CNZS_Dooidy · wall_segment Stone Wall x1 |
| 17:34 | CNZS_Dooidy · age_up castle |
| 17:57 | CNZS_Dooidy · wall_segment Stone Wall x4 |
| 18:02 | CNZS_Dooidy · wall_segment Stone Wall x4 |
| 18:23 | CNZS_Dooidy · wall_segment Stone Wall x3 |
| 18:32 | CNZS_Dooidy · wall_segment Stone Wall x3 |
| 18:45 | CNZS_Dooidy · first_building Castle |
| 19:01 | CNZS_Dooidy · first_building Siege Workshop |
| 19:22 | DS_Ciskhan · first_market_buy 100 food |
| 20:10 | CNZS_Dooidy · first_building Monastery |
| 20:30 | DS_Ciskhan · first_building Stable |
| 21:00 | CNZS_Dooidy · wall_segment Palisade Wall x1 |
| 22:04 | DS_Ciskhan · age_up castle |
| 22:54 | DS_Ciskhan · first_building Monastery |
| 24:46 | CNZS_Dooidy · wall_segment Stone Wall x1 |
| 25:26 | DS_Ciskhan · first_market_sell 100 food |
| 27:45 | DS_Ciskhan · first_building Castle |
| 28:40 | DS_Ciskhan · first_building Siege Workshop |
| 29:56 | CNZS_Dooidy · resign |
[ AI ANALYSIS · 1 CREDIT ]
What really happened in this match?
Wolo.gg analyzes every decision: build order, eco, micro, common mistakes by bracket. Personalized analysis on WhatsApp or Discord in 30 seconds.
Civ guide
Chinese
Perfil
Jugador #2594552